Map: Reclamation LE

Players

falcon

  • Race: Zerg Zerg
  • League: Silver
  • Spawn Location: 11:00

Computer

  • Race: Terran Terran
  • Spawn Location: 12:00

Username

  • Race: Terran Terran
  • League: Silver
  • Spawn Location: 6:00

MattBarry

  • Race: Zerg Zerg
  • League: Gold
  • Spawn Location: 5:00

VOD

Have the link to the VOD?

Description

Time

  • Played on: Feb. 15, 2023, 6:03 a.m.
  • Length: 2:01
Show
View Real Time Build Order
Export as new Build Order

falcon Zerg 

Build Orders: Pool First 

Get SALT Encoding   

  12  0:03  Drone  
  13  0:23  Spawning Pool  
  13  0:26  Drone  
  13  0:32  Extractor  
  13  0:33  Drone  
  13  1:13  Zergling x2  
  13  1:18  Hatchery  
  13  1:19  Overlord  
  13  1:25  Overlord  
Show
View Real Time Build Order
Export as new Build Order

Computer Terran 

Build Orders:  

Get SALT Encoding   

  12  0:00  SCV  
  13  0:13  SCV  
  14  0:17  Supply Depot  
  14  0:26  SCV  
  15  0:30  Refinery  
  15  0:42  Barracks  
  8  1:20  SCV  
  9  1:32  Marine  
  10  1:41  SCV  
Show
View Real Time Build Order
Export as new Build Order

Username Terran 

Build Orders:  

Get SALT Encoding   

Show
View Real Time Build Order
Export as new Build Order

MattBarry Zerg 

Build Orders:  

Get SALT Encoding   

  12  0:01  Extractor  
  11  1:17  Drone  
  12  1:19  Drone  
Tags
 
Add a new tag
Caveats
  • Supply blocks, unpowered buildings, or Contaminate may cause inaccurate times.
  • Supply counts are checked every 10 seconds.